 Dungeon Crawl Stone Soup version 0.21.1-1-g345015fe64 (webtiles) character file.

77263 Peloso the Peltast (level 15, -1/136 HPs)
             Began as a Minotaur Fighter on June 24, 2018.
             Was the Champion of Okawaru.
             Killed by divine providence
             ... invoked by an orc priest
              (13 damage)
             ... on level 2 of the Orcish Mines.
             The game lasted 01:08:16 (22658 turns).

Peloso the Peltast (Minotaur Fighter)              Turns: 22658, Time: 01:08:17

Health: -1/136     AC: 22    Str: 32    XL:     15   Next: 14%
Magic:  0/15       EV: 10    Int:  5    God:    Okawaru [******]
Gold:   515        SH: 27    Dex: 26    Spells: 14/14 levels left

rFire    + . .     SeeInvis .   a - +4 demon blade (venom)
rCold    . . .     Gourm    .   c - +2 large shield of Cetualav {Str+7 Dex+4}
rNeg     + . .     Faith    .   M - +0 plate armour "Angiylol" {rN+ MR++ Regen+ Dex-2}
rPois    .         Spirit   +   (helmet restricted)
rElec    +         Reflect  .   Z - +1 cloak of Claustrophobia {rF+ Dex+4}
rCorr    .         Harm     .   W - +0 pair of gloves
MR       +++..                  w - +0 pair of boots
Stlth    ..........             s - amulet of guardian spirit
HPRegen  0.72/turn              o - +5 ring of dexterity
MPRegen  0.14/turn              D - ring "Zighaful" {+Fly rElec Dex+3}

@: about to teleport
A: retaliatory headbutt, horns 2
a: Heroism, Finesse, Renounce Religion, Evoke Flight


You were on level 2 of the Orcish Mines.
You worshipped Okawaru.
Okawaru was exalted by your worship.
You were not hungry.

You visited 4 branches of the dungeon, and saw 24 of its levels.
You also visited: Sewer and Volcano.

You collected 2107 gold pieces.
You spent 1592 gold pieces at shops.

Inventory:

Hand Weapons
 a - a +4 demon blade of venom (weapon)
 b - a +2 demon blade of flaming
 r - the +2 falchion of Gomo {venom, Str+4}
   (You bought it in a shop on level 2 of the Orcish Mines)

   It poisons the flesh of those it strikes.
   It affects your strength (+4).
Armour
 c - the +2 large shield of Cetualav (worn) {Str+7 Dex+4}
   (Okawaru gifted it to you on level 14 of the Dungeon)

   It affects your strength (+7).
   It affects your dexterity (+4).
 m - a +1 shield of fire resistance
 w - a +0 pair of boots (worn)
 M - the +0 plate armour "Angiylol" (worn) {rN+ MR++ Regen+ Dex-2}
   (You bought it in a shop on level 13 of the Dungeon)

   It affects your dexterity (-2).
   It protects you from negative energy.
   It affects your resistance to hostile enchantments.
   It increases your rate of regeneration.
 Q - a scarf of resistance
 W - a +0 pair of gloves (worn)
 Z - the +1 cloak of Claustrophobia (worn) {rF+ Dex+4}
   (Okawaru gifted it to you on level 6 of the Lair of Beasts)

   It affects your dexterity (+4).
   It protects you from fire.
Jewellery
 i - an uncursed ring of poison resistance
 j - an uncursed ring of protection from cold
 o - a +5 ring of dexterity (left hand)
 s - an amulet of guardian spirit (around neck)
 D - the ring "Zighaful" (right hand) {+Fly rElec Dex+3}
   (You bought it in a shop on level 7 of the Dungeon)

   [ring of flight]

   It affects your dexterity (+3).
   It insulates you from electricity.
   It lets you fly.
Wands
 B - a wand of digging (6)
Scrolls
 g - 14 scrolls of teleportation
 k - 5 scrolls of remove curse
 n - a scroll of enchant weapon
 q - 8 scrolls of fear
 N - 3 scrolls of identify
 O - 5 scrolls of blinking
 P - 2 scrolls of fog
Potions
 d - 2 potions of might
 e - a potion of berserk rage
 l - 4 potions of heal wounds
 p - a potion of agility
 u - 3 potions of invisibility
 v - 11 potions of curing
 x - 2 potions of haste
 S - 2 potions of flight
 T - a potion of resistance
Comestibles
 f - 32 rations


   Skills:
 + Level 13.6 Fighting
 + Level 16.1 Long Blades
 + Level 14.0 Armour
 + Level 4.0 Dodging
 + Level 0.6 Stealth
 + Level 18.1 Shields
 + Level 2.1 Invocations
 + Level 2.5 Evocations


You had 14 spell levels left.
You didn't know any spells.

Dungeon Overview and Level Annotations

Branches:
Dungeon (15/15)            Temple (1/1) D:6            Lair (6/6) D:8
 Shoals (0/4) Lair:3        Snake (0/4) Lair:3        Slime (0/5) Lair:5
    Orc (2/2) D:9             Elf (0/3) Orc:2        Vaults (0/5) D:13
 Depths: D:15

Altars:
Ashenzari
Cheibriados
Dithmenos
Elyvilon
Fedhas
Gozag
Hepliaklqana
Kikubaaqudgha
Makhleb
Nemelex Xobeh
Okawaru
Qazlal
Ru
Sif Muna
Trog
Vehumet
Wu Jian
Xom
Yredelemnul
Zin
The Shining One
Beogh

Shops:
D:7 =   D:13 [   Orc:2 (**

Portals:
Trove: D:12 (give +3 storm dragon scales)


Innate Abilities, Weirdness & Mutations

You reflexively headbutt those who attack you in melee.
You have a pair of horns on your head.


Message History

The orc priest hits you but does no damage.
An orc priest comes into view. It is wielding a war axe.
You feel much better. You block the orc's attack. x2
The orc priest hits you but does no damage.
The orc warrior barely misses you. You furiously retaliate!
You headbutt the orc warrior.
The orc priest hits you but does no damage.
An orc warrior comes into view. It is wielding a halberd of flaming.
Unknown command.
You chop the orc priest into pieces!!!
You kill the orc priest!
Okawaru accepts your kill.
The orc priest begins to cast a cantrip, but forgets the words!
The orc priest calls down the wrath of Beogh upon you.
Beogh smites you!
* * * LOW HITPOINT WARNING * * *
You block the orc's attack.
The orc priest calls down the wrath of Beogh upon you.
Beogh smites you!
You die...

##.>...##..........#... #
#......................
##.#......................
#.........................
#...#....................##
##.##....(............#...
###....(.................
##.....oo.......
##.#(.@)o......
######ooo##### .ooo..#
o#o..#..# .........# ..
#...#...# #.. ..o.....# ..
#..o#...


You could see 2 orc warriors, 7 orc priests and 3 orcs.

Vanquished Creatures
  Rupert (D:12)
  Kirke (D:15)
  The ghost of Kohma the Brawler, a journeyman TrBe of Trog (Orc:1)
  A stone giant (Orc:2)
  The ghost of PikkenKukken the Markscentaur, a journeyman CeHu of Okawaru (Lair:6)
  A red draconian (Volcano)
  Snorg (Lair:4)
  The ghost of kaisn the Fighter, a journeyman MiBe of Trog (D:9)
  Josephine (D:9)
  A yaktaur captain (D:13)
  The ghost of Chudej the Destroyer, a journeyman DECj of Sif Muna (D:13)
  2 catoblepae
  4 hydras
  4 two-headed ogres
  A deep troll shaman (Lair:6)
  9 death yaks
  4 centaur warriors
  An orc high priest (Orc:2)
  3 unseen horrors (D:14)
  3 orc knights
  A lindwurm (Lair:6)
  3 deep elf magi
  3 oklob plants (Lair:5)
  A wolf spider (D:14)
  An orc sorcerer (Orc:2)
  5 slime creatures
  6 ugly things
  2 manticores (D:14)
  2 black mambas
  3 elephants (Lair:6)
  A cyclops (D:12)
  A guardian serpent (shapeshifter) (D:14)
  A molten gargoyle (Volcano)
  2 gargoyles (D:13)
  Psyche (D:9)
  A torpor snail (Lair:5)
  6 spiny frogs
  5 kobold demonologists
  A centaur skeleton (D:14)
  2 rime drakes
  8 komodo dragons
  A tengu conjurer (D:14)
  3 yaktaurs
  A polar bear (Lair:6)
  2 trolls
  8 blink frogs
  8 hippogriffs
  A vampire (D:12)
  47 yaks
  4 hogs
  5 wyverns
  4 wraiths
  Eustachio (D:4)
  6 fire bats (Volcano)
  2 steam dragons
  2 vampire mosquitoes (D:13)
  2 insubstantial wisps (D:8)
  5 wargs
  2 nagas (Lair:3)
  A floating eye (shapeshifter) (D:15)
  6 water moccasins
  6 orc warriors
  3 black bears
  6 porcupines
  3 eyes of draining
  6 sky beasts
  3 ice beasts
  A phantom (D:14)
  8 ogres
  A boggart (D:15)
  18 centaurs
  15 wolves
  5 crocodiles
  Blork the orc (D:4)
  19 bullfrogs
  3 big kobolds
  A gnoll sergeant (D:12)
  6 scorpions
  11 killer bees
  5 electric eels (D:9)
  3 howler monkeys (D:14)
  3 vampire bats (D:3)
  5 wights (D:6)
  4 crimson imps
  7 lava snakes (Volcano)
  A bullfrog zombie (D:7)
  4 centaur zombies
  10 hounds
  5 bullfrog skeletons
  6 jellies
  18 orc priests
  18 orc wizards
  4 iguanas
  6 worker ants
  A hound zombie (D:6)
  3 hound skeletons
  6 gnolls
  A worker ant zombie (D:8)
  7 adders
  4 river rats
  3 shadow imps
  2 oozes
  An adder zombie (D:8)
  An adder skeleton (D:8)
  9 worms
  2 dart slugs
  4 leopard geckos
  36 orcs
  8 bats
  3 bat skeletons (D:3)
  4 bat zombies (D:3)
  2 giant cockroaches
  5 goblins
  3 hobgoblins
  A jackal (Sewer)
  31 kobolds
  2 quokkas
  A frilled lizard (D:1)
  A jackal skeleton (D:5)
  A leopard gecko skeleton (D:4)
  18 rats
  3 fungi
  A plant (Lair:1)
588 creatures vanquished.

Vanquished Creatures (others)
  A boggart (D:15)
  A fungus (Lair:6)
  5 plants
7 creatures vanquished.

Grand Total: 595 creatures vanquished

Notes
Turn   | Place    | Note
-------+----------+-------------------------------------------
     0 | D:1      | Peloso the Minotaur Fighter began the quest for the Orb.
     0 | D:1      | Reached XP level 1. HP: 19/19 MP: 0/0
    65 | D:1      | Reached skill level 4 in Shields
    65 | D:1      | Reached XP level 2. HP: 27/27 MP: 1/1
   624 | D:1      | Reached XP level 3. HP: 33/33 MP: 2/2
  1044 | D:2      | Found a shadowy altar of Dithmenos.
  1644 | D:2      | Reached XP level 4. HP: 40/40 MP: 3/3
  1826 | D:3      | Found a shimmering altar of Xom.
  1858 | D:3      | Noticed a bullfrog
  1862 | D:3      | Killed a bullfrog
  1862 | D:3      | Reached skill level 5 in Shields
  1862 | D:3      | Reached XP level 5. HP: 46/46 MP: 4/4
  2201 | D:3      | Found an ancient bone altar of Kikubaaqudgha.
  2220 | D:3      | Reached skill level 1 in Dodging
  2220 | D:3      | Reached XP level 6. HP: 52/52 MP: 5/5
  2282 | D:3      | Found a shattered altar of Ashenzari.
  2283 | D:3      | Found a sacrificial altar of Ru.
  2638 | D:4      | Noticed Blork the orc
  2650 | D:4      | Killed Blork the orc
  2650 | D:4      | Reached skill level 5 in Long Blades
  2650 | D:4      | Reached skill level 6 in Shields
  2739 | D:4      | Reached skill level 5 in Armour
  2775 | D:4      | Found a glowing drain.
  2780 | Sewer    | Entered a sewer
  2899 | Sewer    | Found a white marble altar of Elyvilon.
  2971 | D:4      | Found a bloodstained altar of Trog.
  2984 | D:4      | Reached XP level 7. HP: 60/60 MP: 0/6
  3088 | D:4      | Noticed Eustachio
  3096 | D:4      | Killed Eustachio
  3116 | D:4      | Reached skill level 5 in Fighting
  3234 | D:4      | Found a basalt altar of Yredelemnul.
  3407 | D:5      | Entered Level 5 of the Dungeon
  3584 | D:5      | Reached skill level 7 in Shields
  3584 | D:5      | Reached XP level 8. HP: 68/68 MP: 7/7
  3598 | D:5      | Found a glowing silver altar of Zin.
  3694 | D:5      | Found a white marble altar of Elyvilon.
  3694 | D:5      | Found an ornate altar of the Wu Jian Council.
  3741 | D:5      | Found a radiant altar of Vehumet.
  4198 | D:6      | Found a staircase to the Ecumenical Temple.
  4274 | Temple   | Entered the Ecumenical Temple
  4375 | Temple   | Became a worshipper of Warmaster Okawaru
  5008 | D:7      | Found Behoy's Jewellery Boutique.
  5025 | D:7      | Reached skill level 8 in Shields
  5034 | D:7      | Found a stormy altar of Qazlal.
  5088 | D:7      | Reached * piety under Okawaru
  5335 | D:7      | Reached XP level 9. HP: 74/74 MP: 8/8
  5881 | D:8      | Reached ** piety under Okawaru
  5881 | D:8      | Reached skill level 10 in Long Blades
  5906 | D:8      | Reached skill level 9 in Shields
  6203 | D:8      | Found a staircase to the Lair.
  6203 | D:8      | Noticed a komodo dragon
  6221 | D:8      | Killed a komodo dragon
  6306 | D:8      | Reached *** piety under Okawaru
  6408 | D:8      | Reached skill level 10 in Shields
  6408 | D:8      | Reached XP level 10. HP: 72/84 MP: 7/9
  6734 | D:7      | Bought the ring "Zighaful" {+Fly rElec Dex+3} for 529 gold pieces
  6802 | D:9      | Noticed a two-headed ogre
  6815 | D:9      | Killed a two-headed ogre
  7027 | D:9      | Noticed kaisn's ghost (journeyman MiBe)
  7057 | D:9      | Killed kaisn's ghost
  7057 | D:9      | Reached **** piety under Okawaru
  7057 | D:9      | Reached skill level 11 in Shields
  7326 | D:9      | Reached skill level 1 in Invocations
  7337 | D:9      | Found a staircase to the Orcish Mines.
  7346 | D:9      | Found a deep blue altar of Sif Muna.
  7349 | D:9      | Found a roughly hewn altar of Beogh.
  7395 | D:9      | Identified Sif Muna's Collected Works on Snow
  7457 | D:9      | Noticed Psyche
  7470 | D:9      | Killed Psyche
  7635 | D:10     | Entered Level 10 of the Dungeon
  7635 | D:10     | Noticed Josephine
  7645 | D:9      | Killed Josephine
  7645 | D:9      | Reached ***** piety under Okawaru
  7749 | D:10     | Reached XP level 11. HP: 77/94 MP: 8/10
  7878 | D:10     | Noticed a two-headed ogre
  7890 | D:10     | Killed a two-headed ogre
  7890 | D:10     | Received a gift from Okawaru
  8382 | D:10     | Reached skill level 12 in Shields
 10090 | D:12     | Found a portal to a secret trove of treasure.
 10133 | D:12     | Noticed a two-headed ogre
 10140 | D:12     | Killed a two-headed ogre
 10140 | D:12     | Reached skill level 10 in Armour
 10478 | D:12     | Noticed Rupert
 10497 | D:12     | Killed Rupert
 10675 | D:12     | Noticed a deep elf mage
 10682 | D:12     | Killed a deep elf mage
 10682 | D:12     | Received a gift from Okawaru
 11001 | D:13     | Found Enel's Armour Emporium.
 11002 | D:13     | Noticed a brown ugly thing
 11013 | D:13     | Killed a brown ugly thing
 11013 | D:13     | Reached skill level 13 in Shields
 11013 | D:13     | Reached XP level 12. HP: 104/104 MP: 12/12
 11094 | D:13     | Noticed an eight-headed hydra
 11234 | Lair:1   | Entered Level 1 of the Lair of Beasts
 11428 | Lair:1   | Reached ****** piety under Okawaru
 12896 | Lair:2   | Reached skill level 14 in Shields
 12996 | Lair:2   | Reached skill level 10 in Fighting
 13189 | Lair:3   | Found a staircase to the Snake Pit.
 13227 | Lair:3   | Received a gift from Okawaru
 13292 | Lair:3   | Noticed a catoblepas
 13301 | Lair:3   | Killed a catoblepas
 13375 | Lair:3   | Found a staircase to the Shoals.
 14091 | D:13     | Noticed a centaur warrior
 14101 | D:13     | Killed a centaur warrior
 14191 | D:14     | Noticed a two-headed ogre
 14198 | D:14     | Killed a two-headed ogre
 14198 | D:14     | Reached XP level 13. HP: 87/116 MP: 10/13
 14315 | D:14     | Received a gift from Okawaru
 14315 | D:14     | Reached skill level 15 in Long Blades
 15034 | D:14     | Reached skill level 15 in Shields
 15116 | D:14     | Received a gift from Okawaru
 15127 | D:14     | Got a distressingly furry large shield {god gift}
 15133 | D:14     | Identified the +2 large shield of Cetualav {Str+7 Dex+4} (Okawaru gifted it to you on level 14 of the Dungeon)
 15619 | D:15     | Entered Level 15 of the Dungeon
 15634 | D:15     | Noticed Kirke
 15780 | D:15     | Killed Kirke
 16511 | D:13     | Found a gate to the Vaults.
 16746 | D:13     | Noticed Chudej's ghost (journeyman DECj)
 16761 | D:13     | Reached skill level 16 in Shields
 16761 | D:13     | Reached XP level 14. HP: 126/126 MP: 11/14
 16774 | D:13     | Killed Chudej's ghost
 16774 | D:13     | Received a gift from Okawaru
 16781 | D:13     | Got a translucent triple sword {god gift}
 17019 | D:13     | Bought the cursed +0 plate armour "Angiylol" {rN+ MR++ Regen+ Dex-2} for 389 gold pieces
 17440 | Lair:4   | Noticed Snorg
 17448 | Lair:4   | Killed Snorg
 18629 | Lair:5   | Received a gift from Okawaru
 18669 | Lair:5   | Identified the +6 triple sword of Retov {antimagic, +Rage rElec rPois Str-3} (Okawaru gifted it to you on level 13 of the Dungeon)
 19184 | Lair:5   | Found a staircase to the Slime Pits.
 19439 | Lair:5   | Reached skill level 1 in Evocations
 19616 | Lair:6   | Entered Level 6 of the Lair of Beasts
 19821 | Lair:6   | Got a fine trident
 19883 | Lair:6   | Reached skill level 17 in Shields
 19900 | Lair:6   | Noticed PikkenKukken's ghost (journeyman CeHu)
 19915 | Lair:6   | Killed PikkenKukken's ghost
 20167 | Lair:6   | Received a gift from Okawaru
 20170 | Lair:6   | Got a brightly glowing cloak {god gift}
 20181 | Lair:6   | Identified the +1 cloak of Claustrophobia {rF+ Dex+4} (Okawaru gifted it to you on level 6 of the Lair of Beasts)
 21011 | Lair:1   | Identified the +12 trident of Dishonour {venom, *Drain rC+ rN+++ Str+3} (You found it on level 6 of the Lair of Beasts)
 21229 | Orc:1    | Entered Level 1 of the Orcish Mines
 21252 | Orc:1    | Noticed Kohma's ghost (journeyman TrBe)
 21291 | Orc:1    | Killed Kohma's ghost
 21337 | Orc:1    | Found a dark tunnel.
 21355 | Volcano  | Entered a volcano
 21519 | Volcano  | Reached XP level 15. HP: 130/136 MP: 11/15
 21546 | Volcano  | Found a bloodstained altar of Trog.
 22067 | Orc:2    | Entered Level 2 of the Orcish Mines
 22113 | Orc:2    | Reached skill level 18 in Shields
 22169 | Orc:2    | Found Tarr's Weapon Emporium.
 22202 | Orc:2    | Found Ridejeit's Assorted Antiques.
 22390 | Orc:2    | Found Asyossoca's Assorted Antiques.
 22400 | Orc:2    | Bought a pair of polished boots for 256 gold pieces
 22400 | Orc:2    | Bought an encrusted falchion for 216 gold pieces
 22418 | Orc:2    | Identified the cursed -5 pair of boots of Objectivity {Dex+7} (You bought it in a shop on level 2 of the Orcish Mines)
 22425 | Orc:2    | Identified the +2 falchion of Gomo {venom, Str+4} (You bought it in a shop on level 2 of the Orcish Mines)
 22438 | Orc:2    | Bought a scroll of enchant weapon for 202 gold pieces
 22605 | Orc:2    | Found a staircase to the Elven Halls.
 22656 | Orc:2    | HP: 1/136 [orc priest/divine providence (10)]
 22658 | Orc:2    | Killed from afar by an orc priest

Skill      XL: |  1  2  3  4  5  6  7  8  9 10 11 12 13 14 15 |
---------------+----------------------------------------------+-----
Shields        | 4 5 6 7 8 10 11 13 14 16 17 18 | 18.1
Armour         | 4 5 6 7 8 9 10 11 13 14 | 14.0
Long Blades    | 3 4 5 7 9 11 12 13 14 15 16 | 16.1
Fighting       | 4 5 6 7 9 11 12 13 | 13.6
Dodging        | 1 2 3 4 |  4.0
Invocations    | 1 2 |  2.1
Evocations     | 2 |  2.5
Stealth        | |  0.6

Action                   |  1- 3 |  4- 6 |  7- 9 | 10-12 | 13-15 || total
-------------------------+-------+-------+-------+-------+-------++-------
Melee: Long sword        |   107 |   150 |   205 |   371 |       ||   833
       Headbutt          |    14 |    31 |    63 |   187 |   289 ||   584
       Falchion          |       |       |    39 |       |       ||    39
       Demon blade       |       |       |       |   268 |   772 ||  1040
Invok: Heroism           |       |       |     1 |     4 |     5 ||    10
       Finesse           |       |       |       |       |     1 ||     1
 Abil: Evoke Flight      |       |       |       |     1 |       ||     1
Evoke: Wand              |       |       |       |     8 |    29 ||    37
  Use: Scroll            |       |       |    15 |    12 |    11 ||    38
       Potion            |       |       |       |     1 |     2 ||     3
  Eat: Chunk             |     2 |     5 |    11 |    22 |    13 ||    53
       Ration            |       |       |       |     1 |     4 ||     5
Armor: Scale mail        |    42 |    52 |       |       |       ||    94
       Plate armour      |       |    27 |   108 |   237 |   241 ||   613
Dodge: Dodged            |    31 |    34 |    56 |   130 |   133 ||   384
Block: Shield            |    68 |   113 |   158 |   392 |   114 ||   845
       Large shield      |       |       |       |       |   749 ||   749
       Rpst.: Long sword |     6 |     9 |     9 |    16 |       ||    40
       Falchion          |       |       |     1 |       |       ||     1
       Demon blade       |       |       |       |    13 |    28 ||    41
